[ AOE2 MATCH · #495125011 ]
UnrankedChinese vs Britons
Player's team · LOSS
Rival team · WIN
[ REPLAY ANALYSIS · EXTRACTED FROM THE RECORDED GAME ]
Feudal
8:49
Castle
18:36
Imperial
—
| APM avg | 87.6 |
| APM peak | 133 |
| eAPM avg | 33.5 |
| Villagers / military | 116 / 74 |
Focus
⚔️ 44.9% · 🌾 55.1%
Skirmisher ×50 · Archer ×16 · Iron Pagoda ×5 · Spearman ×3
Feudal
8:54
Castle
17:59
Imperial
—
| APM avg | 106.6 |
| APM peak | 185 |
| eAPM avg | 61.5 |
| Villagers / military | 82 / 42 |
Focus
⚔️ 71.7% · 🌾 28.3%
Longbowman ×27 · Mangonel ×8 · Scout Cavalry ×4 · Skirmisher ×3
Match map
Initial resources + every placement click. Lines = walls · curves = elevation contours. ◆ gold · ⬟ stone · ● berries · ✦ relic · ◌ wall gap
Your base· Open — opponent sealed themselves in
VIT | Hera's base· ✓ Closed at 17:59 · 45t walls · no gate
Smoothed initial terrain · ◌ = detected wall gap · hover for details
Inputs per minute
— Speed - - VIT | Hera
Build order — Speed
First 150 of 328 actions detected
| 0:01 | Research | Loom |
| 0:01 | Research | Loom |
| 0:01 | Research | Loom |
| 0:47 | Create | Villager (Male) |
| 0:47 | Create | Villager (Male) |
| 1:11 | Create | Villager (Male) |
| 1:11 | Create | Villager (Male) |
| 1:11 | Create | Villager (Male) |
| 1:39 | Create | Villager (Male) |
| 1:54 | Create | Villager (Male) |
| 1:54 | Create | Villager (Male) |
| 2:21 | Create | Villager (Male) |
| 2:33 | Build | Lumber Camp |
| 2:48 | Create | Villager (Male) |
| 3:10 | Build | House |
| 3:16 | Build | House |
| 3:19 | Create | Villager (Male) |
| 3:19 | Create | Villager (Male) |
| 3:36 | Create | Villager (Male) |
| 3:37 | Create | Villager (Male) |
| 4:16 | Create | Villager (Male) |
| 4:51 | Create | Villager (Male) |
| 5:04 | Build | Mill |
| 5:10 | Create | Villager (Male) |
| 5:35 | Build | House |
| 5:39 | Create | Villager (Male) |
| 6:06 | Create | Villager (Male) |
| 6:33 | Research | Feudal Age |
| 7:24 | Build | Barracks |
| 7:42 | Build | Palisade Wall |
| 7:43 | Build | Palisade Wall |
| 7:49 | Build | Palisade Wall |
| 7:50 | Build | Palisade Wall |
| 7:50 | Build | Palisade Wall |
| 8:07 | Build | Palisade Wall |
| 8:08 | Build | Palisade Wall |
| 8:09 | Build | Palisade Wall |
| 8:09 | Build | Palisade Wall |
| 8:28 | Create | Villager (Male) |
| 8:49 | Age | Feudal Age |
| 8:52 | Build | Archery Range |
| 8:57 | Research | Double-Bit Axe |
| 9:02 | Build | Palisade Wall |
| 9:08 | Create | Villager (Male) |
| 9:17 | Build | House |
| 9:30 | Research | Horse Collar |
| 9:33 | Create | Villager (Male) |
| 9:51 | Create | Archer |
| 9:57 | Create | Spearman |
| 9:59 | Create | Villager (Male) |
| 10:14 | Create | Villager (Male) |
| 10:23 | Build | Mining Camp |
| 10:26 | Build | Palisade Wall |
| 10:27 | Build | Palisade Wall |
| 10:28 | Build | Palisade Wall |
| 10:28 | Build | Palisade Wall |
| 10:32 | Build | Palisade Wall |
| 10:33 | Build | Palisade Wall |
| 10:34 | Build | Palisade Wall |
| 10:35 | Build | Palisade Wall |
| 10:36 | Build | Palisade Wall |
| 10:36 | Build | Palisade Wall |
| 10:43 | Create | Spearman |
| 10:44 | Create | Villager (Male) |
| 10:45 | Build | House |
| 11:08 | Create | Villager (Male) |
| 11:09 | Build | Farm |
| 11:22 | Create | Archer |
| 11:22 | Create | Archer |
| 11:32 | Build | Farm |
| 11:34 | Create | Villager (Male) |
| 11:44 | Build | Farm |
| 11:46 | Build | House |
| 11:49 | Build | Palisade Wall |
| 11:53 | Create | Villager (Male) |
| 12:00 | Create | Villager (Male) |
| 12:03 | Create | Archer |
| 12:05 | Create | Villager (Male) |
| 12:08 | Create | Villager (Male) |
| 12:23 | Build | Farm |
| 12:24 | Build | Farm |
| 12:29 | Create | Villager (Male) |
| 12:31 | Create | Villager (Male) |
| 12:38 | Create | Villager (Male) |
| 12:49 | Create | Archer |
| 12:51 | Create | Spearman |
| 12:55 | Build | Farm |
| 12:57 | Build | Farm |
| 12:58 | Build | Farm |
| 13:07 | Build | Farm |
| 13:24 | Build | Palisade Wall |
| 13:30 | Create | Archer |
| 13:33 | Create | Villager (Male) |
| 13:37 | Create | Villager (Male) |
| 13:48 | Build | Farm |
| 13:51 | Build | House |
| 14:04 | Build | Blacksmith |
| 14:12 | Create | Archer |
| 14:25 | Build | Farm |
| 14:45 | Create | Archer |
| 14:47 | Research | Fletching |
| 14:48 | Research | Fletching |
| 15:02 | Build | Farm |
| 15:04 | Build | Farm |
| 15:04 | Build | Farm |
| 15:14 | Build | House |
| 15:23 | Create | Villager (Male) |
| 15:41 | Build | Farm |
| 15:49 | Build | Farm |
| 15:56 | Research | Castle Age |
| 15:56 | Research | Castle Age |
| 15:56 | Research | Castle Age |
| 16:12 | Build | Palisade Wall |
| 16:13 | Build | Palisade Wall |
| 16:14 | Build | Palisade Wall |
| 16:19 | Research | Gold Mining |
| 16:19 | Research | Gold Mining |
| 16:19 | Research | Stone Mining |
| 16:21 | Create | Archer |
| 16:22 | Create | Archer |
| 16:45 | Build | Archery Range |
| 16:51 | Research | Fletching |
| 16:51 | Research | Fletching |
| 17:05 | Create | Archer |
| 17:28 | Research | Padded Archer Armor |
| 17:28 | Research | Padded Archer Armor |
| 17:32 | Create | Villager (Male) |
| 17:35 | Create | Archer |
| 17:39 | Create | Archer |
| 18:36 | Age | Castle Age |
| 18:36 | Build | Palisade Wall |
| 18:39 | Research | Bow Saw |
| 18:39 | Research | Bow Saw |
| 18:39 | Research | Crossbowman (upgrade) |
| 18:39 | Research | Crossbowman (upgrade) |
| 18:40 | Research | Bodkin Arrow |
| 18:40 | Research | Bodkin Arrow |
| 18:44 | Build | University |
| 18:46 | Create | Villager (Male) |
| 18:52 | Build | House |
| 18:53 | Build | House |
| 18:59 | Create | Archer |
| 19:02 | Create | Archer |
| 19:15 | Create | Villager (Male) |
| 19:30 | Create | Archer |
| 19:34 | Create | Villager (Male) |
| 19:54 | Research | Ballistics |
| 19:54 | Research | Ballistics |
| 20:04 | Create | Villager (Male) |
| 20:06 | Create | Skirmisher |
Build order — VIT | Hera
First 150 of 224 actions detected
| 0:00 | Create | Villager (Male) |
| 0:00 | Create | Villager (Male) |
| 0:01 | Create | Villager (Male) |
| 0:01 | Build | House |
| 0:02 | Build | House |
| 0:06 | Create | Villager (Male) |
| 0:06 | Create | Villager (Male) |
| 1:16 | Create | Villager (Male) |
| 1:37 | Create | Villager (Male) |
| 1:37 | Create | Villager (Male) |
| 2:06 | Create | Villager (Male) |
| 2:06 | Create | Villager (Male) |
| 2:23 | Create | Villager (Male) |
| 2:23 | Create | Villager (Male) |
| 2:46 | Create | Villager (Male) |
| 2:47 | Create | Villager (Male) |
| 3:01 | Build | Lumber Camp |
| 3:35 | Create | Villager (Male) |
| 3:38 | Create | Villager (Male) |
| 3:38 | Create | Villager (Male) |
| 3:38 | Create | Villager (Male) |
| 3:39 | Create | Villager (Male) |
| 3:50 | Build | House |
| 3:59 | Create | Villager (Male) |
| 3:59 | Create | Villager (Male) |
| 4:25 | Create | Villager (Male) |
| 4:26 | Create | Villager (Male) |
| 4:59 | Create | Villager (Male) |
| 5:00 | Create | Villager (Male) |
| 5:14 | Create | Villager (Male) |
| 5:14 | Create | Villager (Male) |
| 5:22 | Build | House |
| 6:03 | Build | Mill |
| 6:44 | Research | Feudal Age |
| 6:44 | Research | Feudal Age |
| 7:26 | Create | Villager (Male) |
| 7:54 | Create | Villager (Male) |
| 8:14 | Build | Barracks |
| 8:54 | Age | Feudal Age |
| 9:01 | Build | Stable |
| 9:11 | Research | Double-Bit Axe |
| 9:11 | Research | Double-Bit Axe |
| 9:14 | Research | Loom |
| 9:26 | Build | House |
| 9:31 | Build | Palisade Wall |
| 9:36 | Create | Villager (Male) |
| 9:47 | Create | Scout Cavalry |
| 9:47 | Create | Scout Cavalry |
| 9:47 | Create | Scout Cavalry |
| 9:50 | Build | House |
| 9:52 | Build | Palisade Wall |
| 9:54 | Create | Villager (Male) |
| 10:11 | Build | Farm |
| 10:24 | Build | Farm |
| 10:34 | Create | Villager (Male) |
| 10:43 | Build | Farm |
| 10:53 | Create | Villager (Male) |
| 10:54 | Build | Farm |
| 11:10 | Create | Villager (Male) |
| 11:12 | Build | Farm |
| 11:23 | Build | House |
| 11:24 | Build | Palisade Wall |
| 11:26 | Build | Palisade Wall |
| 11:27 | Create | Villager (Male) |
| 11:36 | Build | Farm |
| 11:43 | Build | Farm |
| 11:48 | Build | Palisade Wall |
| 11:55 | Create | Villager (Male) |
| 12:06 | Build | Farm |
| 12:14 | Build | Palisade Wall |
| 12:15 | Build | Palisade Wall |
| 12:21 | Create | Scout Cavalry |
| 12:42 | Create | Villager (Male) |
| 12:44 | Create | Villager (Male) |
| 12:45 | Build | Farm |
| 12:52 | Build | Farm |
| 12:57 | Build | Mining Camp |
| 13:25 | Research | Horse Collar |
| 13:25 | Research | Horse Collar |
| 13:26 | Research | Horse Collar |
| 13:32 | Create | Villager (Male) |
| 13:32 | Create | Villager (Male) |
| 13:48 | Build | Archery Range |
| 14:17 | Create | Villager (Male) |
| 14:25 | Research | Horse Collar |
| 14:25 | Research | Horse Collar |
| 14:29 | Create | Skirmisher |
| 14:30 | Create | Skirmisher |
| 14:42 | Create | Villager (Male) |
| 14:45 | Create | Skirmisher |
| 15:00 | Build | Mining Camp |
| 15:19 | Research | Castle Age |
| 15:19 | Research | Castle Age |
| 15:47 | Research | Stone Mining |
| 15:48 | Research | Stone Mining |
| 15:48 | Research | Stone Mining |
| 16:01 | Build | House |
| 16:01 | Build | House |
| 16:39 | Build | House |
| 16:40 | Build | House |
| 17:07 | Build | Blacksmith |
| 17:59 | Age | Castle Age |
| 18:01 | Create | Villager (Male) |
| 18:05 | Build | University |
| 18:08 | Research | Fletching |
| 18:08 | Research | Fletching |
| 18:08 | Research | Fletching |
| 18:20 | Create | Villager (Male) |
| 18:27 | Create | Villager (Male) |
| 18:30 | Build | Lumber Camp |
| 18:41 | Create | Villager (Male) |
| 18:45 | Build | Market |
| 18:49 | Create | Villager (Male) |
| 18:59 | Build | Castle |
| 19:12 | Research | Bodkin Arrow |
| 19:12 | Research | Bodkin Arrow |
| 19:42 | Build | Farm |
| 20:02 | Create | Longbowman |
| 20:13 | Create | Villager (Male) |
| 20:14 | Create | Longbowman |
| 20:21 | Build | Farm |
| 20:29 | Create | Longbowman |
| 20:32 | Build | House |
| 20:32 | Build | House |
| 20:36 | Create | Villager (Male) |
| 21:12 | Create | Longbowman |
| 21:18 | Create | Villager (Male) |
| 21:22 | Build | Lumber Camp |
| 21:22 | Create | Villager (Male) |
| 21:24 | Research | Ballistics |
| 21:25 | Research | Ballistics |
| 21:46 | Create | Villager (Male) |
| 21:50 | Create | Longbowman |
| 21:51 | Create | Longbowman |
| 21:52 | Create | Villager (Male) |
| 21:58 | Research | Padded Archer Armor |
| 21:58 | Research | Padded Archer Armor |
| 22:09 | Create | Longbowman |
| 22:09 | Create | Villager (Male) |
| 22:14 | Build | Farm |
| 22:16 | Create | Longbowman |
| 22:16 | Create | Longbowman |
| 22:25 | Create | Longbowman |
| 22:26 | Create | Villager (Male) |
| 22:28 | Create | Villager (Male) |
| 22:33 | Build | Farm |
| 23:10 | Create | Villager (Male) |
| 23:16 | Create | Longbowman |
| 23:27 | Create | Longbowman |
| 23:44 | Build | Siege Workshop |
Match timeline
| 7:24 | Speed · first_building Barracks |
| 7:42 | Speed · wall_segment Palisade Wall x1 |
| 7:43 | Speed · wall_segment Palisade Wall x1 |
| 7:49 | Speed · wall_segment Palisade Wall x1 |
| 7:50 | Speed · wall_segment Palisade Wall x1 |
| 7:50 | Speed · wall_segment Palisade Wall x1 |
| 8:07 | Speed · wall_segment Palisade Wall x1 |
| 8:08 | Speed · wall_segment Palisade Wall x1 |
| 8:09 | Speed · wall_segment Palisade Wall x1 |
| 8:09 | Speed · wall_segment Palisade Wall x1 |
| 8:14 | VIT | Hera · first_building Barracks |
| 8:49 | Speed · age_up feudal |
| 8:52 | Speed · first_building Archery Range |
| 8:54 | VIT | Hera · age_up feudal |
| 9:01 | VIT | Hera · first_building Stable |
| 9:02 | Speed · wall_segment Palisade Wall x1 |
| 9:31 | VIT | Hera · wall_segment Palisade Wall x7 |
| 9:52 | VIT | Hera · wall_segment Palisade Wall x11 |
| 10:26 | Speed · wall_segment Palisade Wall x1 |
| 10:27 | Speed · wall_segment Palisade Wall x1 |
| 10:28 | Speed · wall_segment Palisade Wall x1 |
| 10:28 | Speed · wall_segment Palisade Wall x1 |
| 10:32 | Speed · wall_segment Palisade Wall x1 |
| 10:33 | Speed · wall_segment Palisade Wall x1 |
| 10:34 | Speed · wall_segment Palisade Wall x1 |
| 10:35 | Speed · wall_segment Palisade Wall x1 |
| 10:36 | Speed · wall_segment Palisade Wall x1 |
| 10:36 | Speed · wall_segment Palisade Wall x1 |
| 11:24 | VIT | Hera · wall_segment Palisade Wall x8 |
| 11:26 | VIT | Hera · wall_segment Palisade Wall x17 |
| 11:48 | VIT | Hera · wall_segment Palisade Wall x1 |
| 11:49 | Speed · wall_segment Palisade Wall x1 |
| 12:14 | VIT | Hera · wall_segment Palisade Wall x1 |
| 12:15 | VIT | Hera · wall_segment Palisade Wall x1 |
| 13:24 | Speed · wall_segment Palisade Wall x1 |
| 13:48 | VIT | Hera · first_building Archery Range |
| 16:12 | Speed · wall_segment Palisade Wall x1 |
| 16:13 | Speed · wall_segment Palisade Wall x1 |
| 16:14 | Speed · wall_segment Palisade Wall x1 |
| 17:59 | VIT | Hera · age_up castle |
| 18:36 | Speed · age_up castle |
| 18:36 | Speed · wall_segment Palisade Wall x1 |
| 18:59 | VIT | Hera · first_building Castle |
| 23:44 | VIT | Hera · first_building Siege Workshop |
| 23:45 | VIT | Hera · first_market_sell 100 wood |
| 26:04 | Speed · first_building Siege Workshop |
| 32:15 | VIT | Hera · first_market_buy 100 food |
| 32:41 | Speed · resign |
[ AI ANALYSIS · 1 CREDIT ]
What really happened in this match?
Wolo.gg analyzes every decision: build order, eco, micro, common mistakes by bracket. Personalized analysis on WhatsApp or Discord in 30 seconds.
Civ guide
Chinese
Perfil
Jugador #17731854